[Event "Late-Titled-Tuesday-Blitz-February-06-2024"]
[Site "Chess.com"]
[Date "2024.02.06"]
[Round "6"]
[White "ChristopherYoo"]
[Black "GMKrikor"]
[Result "0-1"]
[WhiteElo "2995"]
[BlackElo "2836"]
[TimeControl "180+1"]
[EndTime "15:05:23 PST"]
[Termination "GMKrikor won by resignation"]

1. d4 Nf6 2. Nf3 g6 3. c4 Bg7 4. g3 d5 5. cxd5 Nxd5 6. Bg2 Nb6 7. O-O Nc6 8. e3 e5 9. Nxe5 Nxe5 10. dxe5 Qxd1 11.
Rxd1 Bxe5 12. f4 Bg7 13. e4 Bg4 14. Re1 Be6 15. e5 O-O-O 16. Nc3 Rhe8 17. Ne4 Bd5 18. Be3 Nc4 19. Bxa7 b6 20. Rac1 Kb7 21. Nd6+ Rxd6 22. exd6 Bd4+ 23. Kh1 Rxe1+ 24. Rxe1 Bxg2+ 25. Kxg2 Nxd6 26. Re7 Bf6 27. Rd7 Kc6 28. Rxd6+ Kxd6 29. a4 Kc6 30. a5 Kb7 0-1

[Event "Late-Titled-Tuesday-Blitz-February-06-2024"]
[Site "Chess.com"]
[Date "2024.02.06"]
[Round "6"]
[White "OparinGrigoriy"]
[Black "Rutricks"]
[Result "0-1"]
[WhiteElo "2972"]
[BlackElo "2737"]
[TimeControl "180+1"]
[EndTime "15:05:26 PST"]
[Termination "Rutricks won by resignation"]

1. a3 g6 2. h4 Nf6 3. b4 a5 4.
b5 c6 5. a4 d5 6. Bb2 Bg7 7.
Nf3 O-O 8. e3 Re8 9. c4 Bg4 10.
Qc2 Bxf3 11. gxf3 e5 12. Na3 Nbd7 13. bxc6 bxc6 14. cxd5 cxd5 15. Nb5 Rc8 16. Qb1 Nc5 17. Be2 d4 18. Ba3 Nd5 19. Bxc5 Rxc5 20. Qb3 Nb4 21. Rb1 e4 22. fxe4 Rxe4 23. h5 dxe3 24. dxe3 Nc2+ 25.
Kf1 Qf6 26. Rh3 Qf5 27. Rg3 Rb4 28. Nd6 Rxb3 29. Rxb3 Qd5 30. Rb8+ Bf8 31. Ne8 Qh1+ 32. Rg1 Nxe3+ 33. fxe3 Rf5+ 34. Ke1 Qxg1+ 35. Kd2 Rd5+ 36. Kc2 Qf2 37. Kb3 Qxe3+ 38. Ka2 Rd2+ 0-1

[Event "Late-Titled-Tuesday-Blitz-February-06-2024"]
[Site "Chess.com"]
[Date "2024.02.06"]
[Round "6"]
[White "protectiago"]
[Black "OneTrickPony_82"]
[Result "0-1"]
[WhiteElo "2104"]
[BlackElo "2534"]
[TimeControl "180+1"]
[EndTime "15:05:27 PST"]
[Termination "OneTrickPony_82 won on time"]

1. d4 d5 2. c4 e6 3. g3 Nf6 4. Nf3 dxc4 5. Bg2 c5 6. O-O Nc6 7. Qa4 Bd7 8. dxc5 Na5 9. Qc2 Bxc5 10. Nbd2 Rc8 11. e4 O-O 12. e5 Nd5 13. Ne4 Be7 14.
Neg5 g6 15. Qe4 Kg7 16. Qh4 Rh8 17. Qg4 c3 18. Ne4 cxb2 19. Bxb2 Rc4 20. Nd4 Qb6 21. Ng5 Qxb2 22. Nxf7 Qxd4 23. Qf3 Rf8 0-1

[Event "Late-Titled-Tuesday-Blitz-February-06-2024"]
[Site "Chess.com"]
[Date "2024.02.06"]
[Round "6"]
[White "koziororo"]
[Black "Grindaveci"]
[Result "1-0"]
[WhiteElo "2622"]
[BlackElo "2448"]
[TimeControl "180+1"]
[EndTime "15:05:32 PST"]
[Termination "koziororo won by resignation"]

1. g4 d5 2. Bg2 Bxg4 3. c4 c6 4. Qb3 e6 5. Qxb7 Nd7 6. Nc3 Ngf6 7. d3 Qc8 8. Qb3 Rb8 9. Qc2 Bd6 10. Nf3 O-O 11. O-O e5 12. e4 d4 13. Ne2 Nc5 14. Ng3 Ne6 15. Kh1 Nh5 16. h3 Bxf3 17. Bxf3 Nhf4 18. Nf5 Qd7 19. Bg4 h5 20. Bxf4 hxg4 21.
Bd2 gxh3 22. Rg1 g6 23. b3 Nf4 24. Bxf4 exf4 25. Qe2 Be5 26. Qg4 Bg7 27. Nh6+ 1-0

[Event "Late-Titled-Tuesday-Blitz-February-06-2024"]
[Site "Chess.com"]
[Date "2024.02.06"]
[Round "6"]
[White "Dzidzik2203"]
[Black "babero_gordo"]
[Result "1-0"]
[WhiteElo "2380"]
[BlackElo "2108"]
[TimeControl "180+1"]
[EndTime "15:05:32 PST"]
[Termination "Dzidzik2203 won by resignation"]

1. b3 d5 2. Bb2 Bg4 3. c4 c6 4. h3 Bh5 5. g4 Bg6 6. Nf3 h5 7. Bg2 hxg4 8. hxg4 Rxh1+ 9. Bxh1 Qd7 10. Ne5 Qe6 11. f4 Be4 12. cxd5 cxd5 13. Bxe4 dxe4 14. Qc2 Nc6 15. Nc3 Nxe5 16. fxe5 Qxe5 17. Nxe4 Qe6 18. Qd3 Qxg4 19. O-O-O Qd7 20. Qe3 Nf6 21. Bxf6 gxf6 22. Nxf6+ Kd8 23. Nxd7 Kxd7 24. Kb1 e6 25. Rc1 Bd6 26. Qe4 Rb8 27. Qf3 Ke7 28. Rf1 1-0

[Event "Late-Titled-Tuesday-Blitz-February-06-2024"]
[Site "Chess.com"]
[Date "2024.02.06"]
[Round "6"]
[White "Balla_Tamas"]
[Black "gtnamfrq"]
[Result "1-0"]
[WhiteElo "2417"]
[BlackElo "2287"]
[TimeControl "180+1"]
[EndTime "15:05:33 PST"]
[Termination "Balla_Tamas won by checkmate"]

1. e4 c5 2. c3 Nf6 3. e5 Nd5 4.
d4 cxd4 5. Nf3 e6 6. cxd4 d6 7.
a3 Bd7 8. Bd3 Bc6 9. O-O Nd7 10.
Qe2 Be7 11. Rd1 O-O 12. Bd2 dxe5 13. dxe5 Nc5 14. Bc2 Rc8 15. Nc3 Qb6 16. Nxd5 Bxd5 17. b4 Nd7 18. Qd3 g6 19. Bh6 Rfd8 20. Bb3 Bf8 21.
Bg5 Re8 22. Bxd5 exd5 23. Qxd5 Nb8 24. Bf6 h6 25. Rac1 Rc6 26. Nd4 Rxc1 27. Rxc1 a5 28. b5 Bxa3 29. Rc3 Bb4 30. Rg3 Qc7 31. h3 Kh7 32. Nf5 Qd7 33. Qc4 Qxf5 34. Qxf7# 1-0

[Event "Late-Titled-Tuesday-Blitz-February-06-2024"]
[Site "Chess.com"]
[Date "2024.02.06"]
[Round "6"]
[White "sotochess"]
[Black "Hamisandwich"]
[Result "1/2-1/2"]
[WhiteElo "2552"]
[BlackElo "2735"]
[TimeControl "180+1"]
[EndTime "15:05:34 PST"]
[Termination "Game drawn by agreement"]

1. e4 c6 2. d4 d5 3. f3 Qb6 4.
Nc3 dxe4 5. Nxe4 Nf6 6. c3 Bf5 7. Bd3 Bg6 8. Ne2 Nbd7 9. Nf4 e5 10.
Nxf6+ gxf6 11. Nxg6 hxg6 12. Qe2 O-O-O 13. Be3 exd4 14. Bxd4 Bc5 15. Bxc5 Nxc5 16. O-O-O Nxd3+ 17. Rxd3 Rxd3 18. Qxd3 Rd8 19. Qe2 Qa5 20. a3 Qg5+ 21. Kc2 Qf5+ 22. Kc1 Qe5 23. Qf2 Kb8 24. g3 Qd5 25.
Re1 f5 26. Qe3 Rd7 27. Qe5+ Qxe5 28. Rxe5 Kc7 29. g4 Rd3 30. Re7+ Kb6 31. Rxf7 Rxf3 32.
gxf5 gxf5 33. h4 Rh3 34. Rxf5 Rxh4 35. Kc2 a6 1/2-1/2

[Event "Late-Titled-Tuesday-Blitz-February-06-2024"]
[Site "Chess.com"]
[Date "2024.02.06"]
[Round "6"]
[White "TigrVShlyape"]
[Black "KantorGergely"]
[Result "0-1"]
[WhiteElo "2917"]
[BlackElo "2771"]
[TimeControl "180+1"]
[EndTime "15:05:37 PST"]
[Termination "KantorGergely won on time"]

1. d4 Nf6 2. Bf4 d5 3. e3 e6 4.
Nf3 Bd6 5. Bg3 Ne4 6. Nbd2 Nxg3 7. hxg3 Nd7 8. Bd3 e5 9. dxe5 Nxe5 10. Nxe5 Bxe5 11. c3 g6 12. Nf3 Bg7 13. Qa4+ c6 14.
Qf4 Qe7 15. O-O-O h6 16. e4 dxe4 17. Qxe4 Qxe4 18. Bxe4 Be6 19. Kc2 a5 20. a4 Rd8 21.
Rxd8+ Kxd8 22. Rd1+ Ke7 23. Nd4 Bd7 24. Nb3 b6 25. Re1 Kd6 26. Rd1+ Kc7 27. Bf3 Bf5+ 28. Kc1 h5 29. Be2 Bh6+ 30. Nd2 Rd8 31. Bf1 Be6 32. Be2 Bb3 0-1

[Event "Late-Titled-Tuesday-Blitz-February-06-2024"]
[Site "Chess.com"]
[Date "2024.02.06"]
[Round "6"]
[White "Jospem"]
[Black "bilelou"]
[Result "1-0"]
[WhiteElo "3038"]
[BlackElo "2742"]
[TimeControl "180+1"]
[EndTime "15:05:40 PST"]
[Termination "Jospem won by resignation"]

1. e4 c5 2. Nf3 Nc6 3. c3 e5 4.
Bc4 Nf6 5. d3 Be7 6. Bg5 O-O 7. Bxf6 Bxf6 8. Nbd2 d6 9. a3 Be6 10.
Bxe6 fxe6 11. b4 b6 12. O-O Qd7 13. Re1 Rac8 14. Nc4 Ne7 15. Ne3 Ng6 16. a4 Nh4 17.
Nd2 Bg5 18. Ndf1 Qf7 19. Ra2 Bxe3 20. Nxe3 Qg6 21. Kh1 cxb4 22. cxb4 Rc3 23. f3 Qg5 24. Nc4 d5 25. exd5 exd5 26. Nxe5 Rfc8 27. f4 Qf5 28.
Rf2 Ng6 29. Rff1 Nxe5 30. fxe5 Qxd3 31. Qg4 Qg6 32. Qd7 Rc2 33. Qxd5+ Kh8 34. e6 Re8 35. e7 Rcc8 36. Qd7 a5 37. Qxc8 1-0

[Event "Late-Titled-Tuesday-Blitz-February-06-2024"]
[Site "Chess.com"]
[Date "2024.02.06"]
[Round "6"]
[White "mishanick"]
[Black "dennisodessa"]
[Result "1-0"]
[WhiteElo "3043"]
[BlackElo "2596"]
[TimeControl "180+1"]
[EndTime "15:05:40 PST"]
[Termination "mishanick won by resignation"]

1. d4 Nf6 2. c4 e6 3. Nf3 Bb4+ 4. Bd2 a5 5. a3 Bxd2+ 6. Qxd2 b6 7. Nc3 Bb7 8. e3 d6 9. Bd3 Nbd7 10. e4 e5 11. d5 Nc5 12. Bc2 a4 13. O-O O-O 14. Qe2 Bc8 15. Ne1 Qe7 16. Nd3 Nfd7 17. Nb4 Nb8 18. Rae1 Bd7 19. h3 Nba6 20. Qd1 Qe8 21. Kh2 f5 22.
exf5 Bxf5 23. Bxf5 Rxf5 24. Nc6 Nb8 25. Nb4 Nbd7 26.
f4 Qf7 27. fxe5 Nxe5 28. Rxf5 Qxf5 29. Rf1 Qd7 30. Nc6 Nxc4 31. Qe2 Ne5 32. Nxe5 dxe5 33. Qxe5 Re8 34. Qf4 Qd6 35. Qxd6 cxd6 36. Rf4 Re3 37. Rb4 Nd7 38. Rxa4 Rd3 39. Ra7 Nf6 40. Rb7 Nxd5 41. Nxd5 Rxd5 42. Rxb6 Rd2 43. a4 Rd1 44. a5 Ra1 45. b4 d5 46. Rd6 Rb1 47. a6 Rxb4 48. a7 Ra4 49. Rd8+ Kf7 50. a8=Q Rxa8 51. Rxa8 Ke6 52.
Kg3 Ke5 53. Kf2 Kd4 54. Ke2 Kc3 55. Rg8 g6 56. Rg7 d4 57. Rc7+ Kb2 58. Rxh7 Kc2 59. Rc7+ Kb2 60. Kd3 1-0

[Event "Late-Titled-Tuesday-Blitz-February-06-2024"]
[Site "Chess.com"]
[Date "2024.02.06"]
[Round "6"]
[White "Mackster23"]
[Black "rdarruda"]
[Result "1-0"]
[WhiteElo "2747"]
[BlackElo "2544"]
[TimeControl "180+1"]
[EndTime "15:05:40 PST"]
[Termination "Mackster23 won by resignation"]

1. e4 c5 2. Nf3 Nc6 3. d4 cxd4 4. Nxd4 e5 5. Nb5 a6 6. Nd6+ Bxd6 7. Qxd6 Qe7 8. Qd1 Nf6 9. Nc3 d6 10. Bg5 Be6 11.
Nd5 Bxd5 12. exd5 Nb8 13. Be2 Nbd7 14. O-O h6 15. Be3 O-O 16. c4 b6 17. b4 a5 18. a3 Ne8 19. Qd2 f5 20. f4 exf4 21. Bxf4 g5 22. Be3 f4 23. Bd4 Nef6 24. Rae1 Qf7 25. Bd3 axb4 26. axb4 Rfe8 27. Bf5 Rxe1 28. Rxe1 Kf8 29. Re6 Ne5 30. Qe2 Re8 31. Bxe5 dxe5 32.
Qxe5 Rxe6 33. Bxe6 Qe7 34. d6 Qg7 35. d7 Qe7 36.
Qb8+ 1-0

[Event "Late-Titled-Tuesday-Blitz-February-06-2024"]
[Site "Chess.com"]
[Date "2024.02.06"]
[Round "6"]
[White "LeninGuerra"]
[Black "TheMagician"]
[Result "0-1"]
[WhiteElo "2635"]
[BlackElo "2160"]
[TimeControl "180+1"]
[EndTime "15:05:40 PST"]
[Termination "TheMagician won by resignation"]

1. e4 c5 2. Nf3 d6 3. b4 Nf6 4. Bd3 c4 5. Bxc4 Nxe4 6. O-O d5 7. Bb3 e6 8. Bb2 Bxb4 9. Bxg7 Rg8 10. Bb2 Nc6 11.
d3 Nc5 12. Nbd2 Nxb3 13. Nxb3 f6 14. Qe2 e5 15. Nfd4 Qe7 16. Qh5+ Qf7 17. Qxf7+ Kxf7 18. Nb5 Bh3 19. g3 Bxf1 20. Kxf1 d4 21. a4 a6 22. Na3 Bxa3 23. Bxa3 b6 24. Nd2 b5 25.
Rb1 Rab8 26. Bd6 bxa4 27. Bxb8 Rxb8 28. Ra1 Rb2 29. Rxa4 Rxc2 30. Ne4 a5 31. Ra3 f5 32. Nd6+ Ke6 33. Nb7 e4 34. dxe4 fxe4 35. Nxa5 Nxa5 36.
Rxa5 d3 37. Rh5 Rc1+ 38. Kg2 d2 39. Rh6+ Ke7 40. Rxh7+ Ke8 41. Rh8+ Kf7 42. Rd8 d1=Q 43. Rxd1 Rxd1 44. g4 Rd3 45. Kf1 Kg6 46. Ke2 Kg5 47.
h3 Rxh3 0-1

[Event "Late-Titled-Tuesday-Blitz-February-06-2024"]
[Site "Chess.com"]
[Date "2024.02.06"]
[Round "6"]
[White "N_I_Chess"]
[Black "ImportedItalianMaple"]
[Result "0-1"]
[WhiteElo "2333"]
[BlackElo "2506"]
[TimeControl "180+1"]
[EndTime "15:05:43 PST"]
[Termination "ImportedItalianMaple won by checkmate"]

1. d4 g6 2. c4 Bg7 3. Nc3 c5 4. d5 Bxc3+ 5. bxc3 e5 6. e4 d6 7. Bd3 Kd7 8. f4 f6 9. Nf3 Kc7 10. fxe5 fxe5 11. Bg5 Nf6 12. O-O Nbd7 13. a4 h6 14.
Bxf6 Qxf6 15. Nd4 Qe7 16. Ne6+ Kb8 17. Ra2 Nb6 18. a5 Bxe6 19. axb6 Bd7 20. Raf2 Be8 21. Rf6 axb6 22. Re6 Qg5 23. Rxd6 Qe3+ 24. Kh1 Ra2 25.
Rxb6 Rh7 26. Rf8 Ka7 27. Rb1 Ba4 28. Qc1 Qxd3 29. Ra1 Qxc4 30. Rxa2 Qxa2 31. d6 Rd7 32. Qd2 Qb1+ 33. Rf1 Qxf1# 0-1

[Event "Late-Titled-Tuesday-Blitz-February-06-2024"]
[Site "Chess.com"]
[Date "2024.02.06"]
[Round "6"]
[White "AlexeiShirov"]
[Black "Onthequiet"]
[Result "1-0"]
[WhiteElo "2795"]
[BlackElo "2470"]
[TimeControl "180+1"]
[EndTime "15:05:50 PST"]
[Termination "AlexeiShirov won on time"]

1. e4 c6 2. d4 d5 3. e5 Bf5 4. h4 h6 5. g4 Be4 6. f3 Bh7 7. e6 Nf6 8. Bd3 Bxd3 9. Qxd3 Qd6 10. exf7+ Kxf7 11. f4 Qe6+ 12. Kf1 Qxg4 13. Nf3 Nbd7 14. Rg1 Qh5 15. Nc3 e6 16. Ne5+ Ke8 17. Bd2 Bb4 18. Re1 Bxc3 19. Bxc3 Ne4 20. Nxd7 Kxd7 21. Rxg7+ Kc8 22.
Rxe4 dxe4 23. Qxe4 Qd5 24. Qxd5 exd5 25. Bb4 b6 26.
Bd6 Re8 27. f5 Rd8 28. Rc7+ Kb8 29. Be5 Re8 30. Re7+ 1-0

[Event "Late-Titled-Tuesday-Blitz-February-06-2024"]
[Site "Chess.com"]
[Date "2024.02.06"]
[Round "6"]
[White "balachess2006"]
[Black "BilodeauA"]
[Result "1-0"]
[WhiteElo "2713"]
[BlackElo "2963"]
[TimeControl "180+1"]
[EndTime "15:05:51 PST"]
[Termination "balachess2006 won by resignation"]

1. c4 e5 2. Nc3 d6 3. e4 Nc6 4. Nge2 f5 5. exf5 Bxf5 6. Ng3 Bg6 7. Be2 Nf6 8. O-O Be7 9. d3 O-O 10. Be3 Qd7 11. Bf3 Rae8 12. a3 Nd4 13. Bxd4 exd4 14.
Nce4 c6 15. b4 Qc7 16. Nxf6+ Bxf6 17. Be4 Bf7 18. Rc1 a5 19. b5 Qb6 20. bxc6 bxc6 21. Qa4 Rc8 22. Rb1 Qc5 23. Bf3 d5 24. cxd5 cxd5 25.
Rb5 Qc3 26. Rb3 Qd2 27. Qb5 Rfd8 28. Rb2 Qc3 29. Rb3 Qc5 30. Qa6 Rc6 31. Rb5 Rxa6 32. Rxc5 Be7 33. Rb5 a4 34. Ra1 Rc6 35. Ra5 Rc3 36.
Nf5 Bf6 37. Be2 Be6 38. Ng3 Rb8 39. Rxa4 Rb2 40. Rb4 h5 41. Rxb2 1-0

[Event "Late-Titled-Tuesday-Blitz-February-06-2024"]
[Site "Chess.com"]
[Date "2024.02.06"]
[Round "6"]
[White "Siemba"]
[Black "MeisterJabo"]
[Result "0-1"]
[WhiteElo "2494"]
[BlackElo "2342"]
[TimeControl "180+1"]
[EndTime "15:05:53 PST"]
[Termination "MeisterJabo won by checkmate"]

1. Nf3 Nf6 2. g3 g6 3. Bg2 Bg7 4. O-O O-O 5. d4 d6 6. a4 c5 7. dxc5 dxc5 8. Qxd8 Rxd8 9. Ne5 Nd5 10. Nxf7 Kxf7 11. Rd1 e6 12. c4 Nc6 13. cxd5 Nd4 14.
Nc3 exd5 15. Bxd5+ Be6 16. Bxe6+ Kxe6 17. Bg5 Rd7 18.
Kg2 h6 19. Be3 Rad8 20. Rd2 Nb3 21. Rxd7 Rxd7 22. Rb1 b6 23. h4 h5 24. Ne4 Be5 25.
Ng5+ Kf5 26. Nf3 a6 27. Nxe5 Kxe5 28. Bf4+ Ke4 29. f3+ Kf5 30. e4+ Ke6 31. g4 Rd3 32. gxh5 gxh5 33. Rh1 Nd4 34. Rh3 Rb3 35. Rg3 Rxb2+ 36. Kh3 Rb3 37. Kg2 Ne2 38. Bh6 Nxg3 39. Kxg3 c4 40. Kf4 c3 41. Kg5 c2 42. Kxh5 Rxf3 43.
Bg5 Ra3 44. Kg6 Rxa4 45. h5 Rxe4 46. h6 Rg4 47. h7 c1=Q 48. h8=Q Qxg5+ 49. Kh7 Rh4# 0-1

[Event "Late-Titled-Tuesday-Blitz-February-06-2024"]
[Site "Chess.com"]
[Date "2024.02.06"]
[Round "6"]
[White "aleksanchess"]
[Black "viniciusrego"]
[Result "1-0"]
[WhiteElo "2280"]
[BlackElo "2430"]
[TimeControl "180+1"]
[EndTime "15:05:56 PST"]
[Termination "aleksanchess won by resignation"]

1. d4 g6 2. c4 Bg7 3. Nf3 c5 4. d5 d6 5. e4 e6 6. Qc2 exd5 7. exd5 Nf6 8. Bd3 O-O 9. O-O b5 10. Nc3 bxc4 11. Bxc4 Re8 12. Bf4 a6 13. Rfe1 Bf5 14. Qa4 Ne4 15. Bb5 Nxc3 16. bxc3 Rxe1+ 17. Rxe1 Nd7 18. Bc6 Nb6 19. Qa5 Nc4 20. Qa4 Nb6 21. Qb3 Bd7 22. Bxa8 Nxa8 23. Bxd6 Bg4 24. Qb8 Qxb8 25. Bxb8 Bf8 26. Re8 Kg7 27. Be5+ f6 28. Rxa8 Bxf3 29. gxf3 fxe5 30. Rxa6 1-0

[Event "Late-Titled-Tuesday-Blitz-February-06-2024"]
[Site "Chess.com"]
[Date "2024.02.06"]
[Round "6"]
[White "Hikaru"]
[Black "LiemLe"]
[Result "1-0"]
[WhiteElo "3333"]
[BlackElo "3038"]
[TimeControl "180+1"]
[EndTime "15:05:57 PST"]
[Termination "Hikaru won on time"]

1. e4 e5 2. Bc4 Nf6 3. d3 c6 4. Nf3 d5 5. Bb3 a5 6. a3 a4 7. Ba2 Bd6 8. Nc3 dxe4 9. Ng5 O-O 10. Ngxe4 Nxe4 11. Nxe4 Bc7 12. Qh5 Qe8 13. Bg5 Nd7 14.
Qh4 Ra6 15. O-O c5 16. f4 exf4 17. Rae1 Ne5 18. Bxf4 Ng6 19. Nf6+ gxf6 20. Rxe8 Rxe8 21. Qg3 Bxf4 22. Rxf4 Be6 23. Re4 f5 24. Re1 f4 25.
Qf3 b5 26. Qb7 Rd6 27. Qxb5 Kf8 28. Qxc5 1-0

[Event "Late-Titled-Tuesday-Blitz-February-06-2024"]
[Site "Chess.com"]
[Date "2024.02.06"]
[Round "6"]
[White "terrortoast"]
[Black "lluiss"]
[Result "0-1"]
[WhiteElo "2416"]
[BlackElo "2171"]
[TimeControl "180+1"]
[EndTime "15:05:57 PST"]
[Termination "lluiss won on time"]

1. d4 d5 2. c4 e6 3. Nc3 c6 4.
e4 dxe4 5. Nxe4 Bb4+ 6. Bd2 Be7 7.
Nf3 Nf6 8. Bd3 Nbd7 9. Ng3 b6 10. Bc3 Bb7 11. O-O O-O 12. Qe2 c5 13. Rad1 cxd4 14.
Nxd4 Nc5 15. Bc2 Qc7 16. Nh5 g6 17. Nxf6+ Bxf6 18. b4 Nd7 19. Nxe6 Qc6 20. Nf4 Bxc3 21. Nd5 Bf6 22. Be4 Qc8 23. Qf3 Bd8 24. h4 Ne5 25. Qg3 f5 26. Bb1 Ng4 27. h5 Qxc4 28.
Nf4 Bc7 0-1

[Event "Late-Titled-Tuesday-Blitz-February-06-2024"]
[Site "Chess.com"]
[Date "2024.02.06"]
[Round "6"]
[White "TanitoluwaAps116"]
[Black "Squirlolz"]
[Result "1-0"]
[WhiteElo "2811"]
[BlackElo "2573"]
[TimeControl "180+1"]
[EndTime "15:05:58 PST"]
[Termination "TanitoluwaAps116 won on time"]

1. e4 d6 2. d4 Nf6 3. Nc3 c6 4. Nf3 Bg4 5. Be3 e6 6. h3 Bh5 7. Bd3 d5 8. e5 Nfd7 9. g4 Bg6 10. Be2 c5 11. h4 cxd4 12. Nxd4 h5 13. gxh5 Bh7 14. h6 Nxe5 15. Bb5+ Nbd7 16. Qh5 Qf6 17. Bg5 Qg6 18. Qe2 a6 19. Nxd5 Bd6 20. Nf4 Qe4 21.
hxg7 Rg8 22. Bxd7+ Kxd7 23. O-O-O Qxe2 24. Ndxe2 Rxg7 25. Bf6 1-0

[Event "Late-Titled-Tuesday-Blitz-February-06-2024"]
[Site "Chess.com"]
[Date "2024.02.06"]
[Round "6"]
[White "ybothg"]
[Black "Lennis93"]
[Result "0-1"]
[WhiteElo "2520"]
[BlackElo "2685"]
[TimeControl "180+1"]
[EndTime "15:06:00 PST"]
[Termination "Lennis93 won on time"]

1. d4 d6 2. e4 g6 3. Nc3 Bg7 4. Bg5 a6 5. Nf3 b5 6. Bd3 h6 7. Be3 e6 8. a4 b4 9. Ne2 a5 10. c4 Nd7 11. Rc1 c5 12. O-O Ne7 13. Nd2 Nc6 14.
Nb3 Qe7 15. f4 O-O 16. Qd2 f5 17. dxc5 Nxc5 18. Nxc5 dxc5 19. e5 Rd8 20. Rcd1 g5 21. g3 Bb7 22. Qe1 gxf4 23. gxf4 Kh8 24. h3 Rg8 25. Kh2 Nxe5 26. Ng1 Rad8 27. Be2 Rxd1 28. Bxd1 Nxc4 29. Bf3 Nxe3 30. Qxe3 Bd4 31. Qe2 Qg7 32. Bxb7 Bxg1+ 33. Kh1 Qxb7+ 0-1

[Event "Late-Titled-Tuesday-Blitz-February-06-2024"]
[Site "Chess.com"]
[Date "2024.02.06"]
[Round "6"]
[White "ChessFanNM"]
[Black "morte-negra"]
[Result "1-0"]
[WhiteElo "2324"]
[BlackElo "2013"]
[TimeControl "180+1"]
[EndTime "15:06:00 PST"]
[Termination "ChessFanNM won on time"]

1. Nf3 Nf6 2. c4 g6 3. Nc3 Bg7 4. e4 d6 5. d4 O-O 6. Be2 e5 7. O-O Nbd7 8. Re1 a6 9. Be3 Qe7 10.
d5 b6 11. Nd2 a5 12. f3 Nc5 13. Qc2 Nh5 14. b3 f5 15. a3 f4 16. Bf2 g5 17. b4 Nd7 18. c5 bxc5 19. bxc5 Nxc5 20. Nb5 Nf6 21. Rec1 Rf7 22. Bxc5 dxc5 23. Qxc5 Ne8 24.
Qxe7 Rxe7 25. a4 h5 26. Nb3 g4 27. Nc5 Kh7 28. Rab1 Kh6 29. Nb3 Kg5 30. Rc6 h4 31.
Rbc1 Rb8 32. Nxa5 Bd7 33. R6c5 Ra8 34. Nc6 Bxc6 35. Rxc6 Rxa4 36. Nxc7 Nxc7 37. Rxc7 Bf8 38. d6 Rxc7 39. dxc7 1-0

[Event "Late-Titled-Tuesday-Blitz-February-06-2024"]
[Site "Chess.com"]
[Date "2024.02.06"]
[Round "6"]
[White "Goryachkina"]
[Black "Genghis_K"]
[Result "0-1"]
[WhiteElo "2686"]
[BlackElo "2913"]
[TimeControl "180+1"]
[EndTime "15:06:02 PST"]
[Termination "Genghis_K won on time"]

1. e4 c5 2. Nf3 d6 3. d4 cxd4 4. Nxd4 Nf6 5. Nc3 a6 6. a4 g6 7.
Be2 Bg7 8. O-O O-O 9. Be3 Nc6 10. f3 d5 11. exd5 Nxd5 12. Nxc6 bxc6 13. Bd4 e5 14. Bc5 Nxc3 15. bxc3 Re8 16. Qxd8 Rxd8 17. Rad1 Rd5 18. Bb6 Be6 19. c4 Rxd1 20. Rxd1 Bf8 21. a5 Be7 22. c5 f5 23. g3 Kf7 24. Kf2 h5 25. Ke3 g5 26.
Kf2 g4 27. Rd2 Bd5 28. Rd1 Bf8 29. h3 gxf3 30. Bxf3 Bxf3 31. Kxf3 Ke6 32. g4 fxg4+ 33. hxg4 h4 34. g5 Be7 35. Kg4 Rg8 36. Kxh4 Bxg5+ 37. Kh5 Kf5 0-1

[Event "Late-Titled-Tuesday-Blitz-February-06-2024"]
[Site "Chess.com"]
[Date "2024.02.06"]
[Round "6"]
[White "cande_francisco"]
[Black "matagordo"]
[Result "1-0"]
[WhiteElo "2530"]
[BlackElo "2227"]
[TimeControl "180+1"]
[EndTime "15:06:02 PST"]
[Termination "cande_francisco won on time"]

1. e4 e6 2. d4 d5 3. Nc3 Nf6 4. Bg5 Be7 5. e5 Nfd7 6. Bxe7 Qxe7 7. f4 a6 8. Nf3 c5 9. Qd2 Nc6 10. dxc5 Nxc5 11. O-O-O b5 12. Bd3 g6 13. Ne2 Rb8 14. Ned4 Nxd4 15. Nxd4 Bd7 16. Kb1 b4 17. g4 h5 18. h3 h4 19. f5 Nxd3 20. Qxd3 g5 21. Rhf1 a5 22. fxe6 Bxe6 23. Nc6 Qc7 24. Nxb8 Qxb8 25. Qe3 Qd8 26. Rf6 Rg8 27. Qc5 Rg7 28. Rdf1 Rg8 29. b3 Rg7 30. Rxe6+ 1-0

[Event "Late-Titled-Tuesday-Blitz-February-06-2024"]
[Site "Chess.com"]
[Date "2024.02.06"]
[Round "6"]
[White "Pachonpower"]
[Black "SocoLoco"]
[Result "1-0"]
[WhiteElo "2290"]
[BlackElo "2170"]
[TimeControl "180+1"]
[EndTime "15:06:02 PST"]
[Termination "Pachonpower won by resignation"]

1. e4 c5 2. d4 cxd4 3. c3 d5 4. exd5 Qxd5 5. Nf3 e6 6. Nxd4 Nf6 7. Be2 Be7 8. Bf3 Qd8 9. O-O O-O 10. Nd2 a6 11. Ne4 Qc7 12. g3 Nc6 13. Bf4 e5 14. Nxc6 exf4 15. Nxe7+ Qxe7 16. Re1 Nxe4 17. Rxe4 Qg5 18.
Rxf4 Bh3 19. Rh4 Bf5 20. Qc1 Qg6 21. Qf4 Rab8 22. Re1 Be6 23. Be4 f5 24. Bb1 Rbe8 25. Qd2 Qf7 26. b3 h6 27. Rd4 g5 28. Bd3 f4 29. Rxe6 Rxe6 30. Bc4 fxg3 31. hxg3 b5 32. Bxe6 Qxe6 33. Rd6 Qh3 34. Qd5+ Kg7 35. Qe5+ Kg8 36. Rg6+ 1-0

[Event "Late-Titled-Tuesday-Blitz-February-06-2024"]
[Site "Chess.com"]
[Date "2024.02.06"]
[Round "6"]
[White "brm72"]
[Black "NeverGiveUppp"]
[Result "1-0"]
[WhiteElo "2635"]
[BlackElo "2395"]
[TimeControl "180+1"]
[EndTime "15:06:03 PST"]
[Termination "brm72 won by resignation"]

1. d4 Nf6 2. Bg5 c5 3. Bxf6 gxf6 4. d5 f5 5. g3 Bg7 6. c3 f4 7. gxf4 d6 8. Bg2 Qb6 9. Qb3 Rg8 10. Be4 Qc7 11.
Bxh7 Rh8 12. Be4 Nd7 13. Nd2 Nf6 14. Bf3 a6 15. e3 b5 16. a4 b4 17. cxb4 Rb8 18. b5 Bd7 19. Be2 Bf5 20. Qc4 e6 21.
dxe6 Bxe6 22. Qc2 Nd5 23. f5 Nb4 24. Qe4 d5 25. Qg4 Bxf5 26. Qxf5 d4 27. Ngf3 Rd8 28. exd4 cxd4 29. Bc4 Rd6 30. Kf1 Rf6 31. Re1+ Kf8 32. Qe5 Qd7 33. Qb8+ 1-0

[Event "Late-Titled-Tuesday-Blitz-February-06-2024"]
[Site "Chess.com"]
[Date "2024.02.06"]
[Round "6"]
[White "K_A_S_T_O_R"]
[Black "karinachess1"]
[Result "1/2-1/2"]
[WhiteElo "2877"]
[BlackElo "2671"]
[TimeControl "180+1"]
[EndTime "15:06:04 PST"]
[Termination "Game drawn by repetition"]

1. e4 e5 2. Nf3 Nc6 3. Bb5 Nf6 4.
d3 d6 5. O-O g6 6. c3 Bd7 7.
Re1 Bg7 8. Nbd2 O-O 9. Ba4 Qe8 10. Bc2 Kh8 11. d4 Nh5 12. dxe5 dxe5 13. Nc4 Rd8 14. Qe2 b5 15. Na3 a6 16. g3 Bg4 17. Kg2 Qd7 18. Rd1 Qc8 19. Rxd8 Nxd8 20. Qd3 Ne6 21. Ng1 Rd8 22.
Qf1 Nc5 23. Be3 Nb7 24. Bb3 Be6 25. Rd1 Nd6 26. f3 Bxb3 27. axb3 Qe6 28. b4 Rf8 29. Bc5 f5 30. Bxd6 cxd6 31. Qd3 Rd8 32. Nh3 h6 33. Nf2 Nf6 34. Nc2 d5 35. exd5 Rxd5 36. Qe2 Rxd1 37.
Qxd1 Qd5 38. Qe2 Kh7 39. Ne3 Qc6 40. Nd3 e4 41. Ne5 Qe6 42. f4 Nd5 43. Qd2 Nxe3+ 44. Qxe3 Bxe5 45. fxe5 Qxe5 46. Qa7+ Qg7 47. Qxa6 Qd7 48.
Qf6 Qd2+ 49. Kh3 e3 50. Qf7+ Kh8 51. Qf8+ Kh7 52. Qf7+ Kh8 53. Qf8+ Kh7 54. Qf7+ 1/2-1/2

[Event "Late-Titled-Tuesday-Blitz-February-06-2024"]
[Site "Chess.com"]
[Date "2024.02.06"]
[Round "6"]
[White "trriinu"]
[Black "Bilan_Danila"]
[Result "0-1"]
[WhiteElo "2249"]
[BlackElo "2612"]
[TimeControl "180+1"]
[EndTime "15:06:04 PST"]
[Termination "Bilan_Danila won on time"]

1. e4 c6 2. Nc3 d5 3. Nf3 Nf6 4. e5 Ne4 5. d3 Nxc3 6. bxc3 Bg4 7. d4 e6 8. h3 Bh5 9. Bd3 Be7 10. O-O c5 11.
Bb5+ Nc6 12. c4 O-O 13. cxd5 Nxd4 14. Be2 Nxe2+ 15. Qxe2 Qxd5 16. g4 Bg6 17. Bf4 Rfd8 18. Kh2 Qe4 19. Qxe4 Bxe4 20. Ne1 Rd5 21. c4 Rd4 22.
Rc1 Rad8 23. Be3 Rd1 24. Ng2 Rxf1 25. Rxf1 Rd3 26. Rc1 b6 27. Nf4 Ra3 28. Rd1 Rxa2 29. Rd7 Bh4 30. Rc7 h6 31. Rc8+ Kh7 32. Rc7 Ra1 0-1